 Dungeon Crawl Stone Soup version 0.26-a0-651-gb41185065b (webtiles) character file.

Game seed: 8064581325348013397

1978 Irenicus the Geomancer (level 9, 47/68 HPs)
             Began as a Deep Dwarf Earth Elementalist on Oct 28, 2020.
             Quit the game in an ossuary.
             The game lasted 00:16:19 (2662 turns).

Irenicus the Geomancer (DDEE)                       Turns: 2662, Time: 00:16:20

Health: 47/68      AC:  6    Str: 10 (12) XL:     9   Next: 1%
Magic:  7/7        EV: 10    Int: 19      God:
Gold:   314        SH:  5    Dex: 12 (13) Spells: 8/11 levels left

rFire    . . .     SeeInvis .   l - +1 short sword (holy)
rCold    . . .     Faith    .   (no shield)
rNeg     . . .     Spirit   .   e - +0 ring mail
rPois    +         Reflect  +   m - +0 helmet
rElec    .         Harm     .   (no cloak)
rCorr    .         Rampage  .   (no gloves)
MR       +....                  (no boots)
Stlth    +.........             g - amulet of reflection
HPRegen  0.00/turn              p - ring of poison resistance {rPois, !d}
MPRegen  0.10/turn              (no ring)

@: marked, non-regenerating
A: damage resistance, heal wounds, sense surroundings 2, no regeneration
a: Heal Wounds


You were in an ossuary.
You visited 1 branch of the dungeon, and saw 5 of its levels.
You also visited: Ossuary.

You collected 314 gold pieces.

Inventory:

Hand Weapons
 f - a +1 whip of freezing
   (You took it off Pikel on level 5 of the Dungeon)
 h - a +0 dagger
   (You took it off a kobold on level 1 of the Dungeon)
 l - a +1 short sword of holy wrath (weapon)
   (You took it off an orc on level 5 of the Dungeon)
Missiles
 b - 226 stones (quivered)
 o - a throwing net {=f, !d}
Armour
 e - a +0 ring mail (worn)
   (You found it on level 1 of the Dungeon)
 m - a +0 helmet (worn)
   (You took it off Robin on level 2 of the Dungeon)
Jewellery
 g - an amulet of reflection (around neck)
   (You found it on level 1 of the Dungeon)
 p - a ring of poison resistance (left hand) {rPois, !d}
   (You found it on level 4 of the Dungeon)
Wands
 n - a wand of digging (6)
   (You found it on level 5 of the Dungeon)
Scrolls
 a - 5 scrolls of teleportation
 c - 2 scrolls of noise {unknown}
 d - 4 scrolls of remove curse
 j - a scroll of enchant armour {unknown}
 r - a scroll of fear {unknown}
Potions
 i - 4 potions of curing
 k - a potion of degeneration {!q}


   Skills:
 - Level 2.1 Dodging
 - Level 2.4 Stealth
 - Level 1.7 Spellcasting
 - Level 0.8 Transmutations
 + Level 14.9 Earth Magic


You had 8 spell levels left.
You knew the following spells:

 Your Spells              Type           Power        Failure   Level
a - Sandblast             Erth           ######       1%          1
w - Passwall              Tmut/Erth      ####....     2%          2

Your spell library contained the following spells:

 Spells                   Type           Power        Failure   Level
 Lee's Rapid Deconstruct  Erth           ######....   2%          5
 Stone Arrow              Conj/Erth      ####..       6%          3
 Petrify                  Tmut/Erth      ####....     19%         4


Dungeon Overview and Level Annotations

Branches:
Dungeon (5/15)            Ossuary (1/1)
 Temple: D:4-7

Altars:
Elyvilon
Nemelex Xobeh
Uskayaw
Xom

Annotations:
D:5 3 runed translucent doors, kae's ghost, novice DrTm


Innate Abilities, Weirdness & Mutations

You are resistant to damage.
You can heal yourself by infusing magical energy.
You passively map the area around you.
You do not regenerate.


Message History

You block the hobgoblin zombie's attack.
The centaur zombie completely misses you.
The hobgoblin zombie barely misses you.
You block the big kobold zombie's attack.
You hit the big kobold zombie but do no damage.
The big kobold zombie is moderately damaged.
The centaur zombie hits you but does no damage.
The hobgoblin zombie misses you.
The hobgoblin zombie completely misses you.
The centaur zombie closely misses you.
You hit the big kobold zombie.
The big kobold zombie convulses.
The big kobold zombie is heavily damaged.
The big kobold zombie closely misses you.
The centaur zombie closely misses you. The hobgoblin zombie hits you.
The hobgoblin zombie closely misses you.
You take 1 damage, and have 53/62 hp.
You hit the big kobold zombie.
The big kobold zombie convulses.
The big kobold zombie is severely damaged.
The centaur zombie barely misses you.
The big kobold zombie hits you but does no damage.
The hobgoblin zombie hits you but does no damage.
The centaur zombie closely misses you.
You closely miss the big kobold zombie.
The big kobold zombie is severely damaged.
The hobgoblin zombie hits you. The centaur zombie closely misses you.
You block the big kobold zombie's attack.
The hobgoblin zombie hits you.
You barely miss the big kobold zombie.
The big kobold zombie is severely damaged.
The centaur zombie hits you.
You block the hobgoblin zombie's attack.
The big kobold zombie hits you but does no damage.
The hobgoblin zombie closely misses you.
You puncture the big kobold zombie!
The big kobold zombie convulses.
You destroy the big kobold zombie!
The centaur zombie hits you. The hobgoblin zombie barely misses you.
The centaur zombie hits you but does no damage.
The hobgoblin zombie completely misses you.
You take 4 damage, and have 49/62 hp.
You hit the centaur zombie.
The centaur zombie convulses.
The centaur zombie is lightly damaged.
The centaur zombie hits you. The hobgoblin zombie misses you.
You block the hobgoblin zombie's attack.
You take 2 damage, and have 47/62 hp.
MP restored: 6 You hit the centaur zombie.
The centaur zombie convulses.
The centaur zombie is heavily damaged.
The centaur zombie barely misses you. The hobgoblin zombie barely misses you.
You block the centaur zombie's attack. The hobgoblin zombie hits you.
You hit the centaur zombie.
The centaur zombie convulses.
The centaur zombie is heavily damaged.
The centaur zombie hits you.
The hobgoblin zombie hits you but does no damage.
You take 1 damage, and have 46/62 hp.
You hit the centaur zombie.
The centaur zombie convulses.
The centaur zombie is heavily damaged.
You block the centaur zombie's attack.
The hobgoblin zombie closely misses you. x2
The centaur zombie hits you.
You take 3 damage, and have 43/62 hp.
You hit the centaur zombie.
The centaur zombie convulses.
The centaur zombie is almost destroyed.
The centaur zombie hits you.
The hobgoblin zombie closely misses you.
The hobgoblin zombie barely misses you.
You hit the centaur zombie.
You destroy the centaur zombie!
You have reached level 9!
Your experience leads to an increase in your attributes!
Your base attributes are Str 12, Int 18, Dex 13.
Increase (s)trength, (i)ntelligence, or (d)exterity?
You feel clever.
Your attunement to dungeon structure grows.
The hobgoblin zombie hits you. The hobgoblin zombie barely misses you.
You regained 4 hp, and now have 47/68 hp.
MP restored: 7 You hit the hobgoblin zombie.
The hobgoblin zombie convulses.
You destroy the hobgoblin zombie!
The hobgoblin zombie barely misses you.
You puncture the hobgoblin zombie!
The hobgoblin zombie convulses!
You destroy the hobgoblin zombie!
No target in view!
No target in view!
No target in view!
No target in view!
No target in view!
No target in view!
No target in view!
No target in view!
No target in view!
No target in view!
No target in view!
No target in view!
No target in view!
No target in view!
No target in view!
No target in view!
No target in view!
No target in view!
Are you sure you want to abandon this character and quit the game? (Confirm with "yes".)

## ###############
.#.#.#.#.#.##???!##
..................##
^.......^(.........##
..^................∩#
............^......##
^...............@.##
§#.#.#.#.#.##?!.?##
##################


There were no monsters in sight!

Vanquished Creatures
  Pikel (D:5)
  Prince Ribbit (D:5)
  Eustachio (D:5)
  Menkaure (D:5)
  A centaur (D:5)
  Blork the orc (D:4)
  A scorpion (D:4)
  3 howler monkeys
  A bullfrog skeleton (D:4)
  4 orc wizards
  2 hounds
  A jelly (D:5)
  An orc priest (D:5)
  3 centaur zombies (Ossuary)
  A worker ant (D:4)
  4 big kobold zombies (Ossuary)
  A hound skeleton (D:5)
  7 mummies
  Robin (D:2)
  3 adders
  An ufetubus (D:5)
  2 worms
  2 adder skeletons (D:4)
  A leopard gecko (D:2)
  20 orcs
  6 bats
  4 giant cockroaches
  14 goblins
  9 hobgoblins
  6 jackals
  10 kobolds
  A quokka (D:2)
  A ball python (D:2)
  14 frilled lizards
  3 hobgoblin zombies (Ossuary)
  A kobold zombie (D:5)
  9 rats
143 creatures vanquished.

Notes
Turn   | Place    | Note
-------+----------+-------------------------------------------
     0 | D:1      | Irenicus the Deep Dwarf Earth Elementalist began the quest
                  | for the Orb.
     0 | D:1      | Reached XP level 1. HP: 15/15 MP: 3/3
   174 | D:1      | Reached XP level 2. HP: 22/22 MP: 1/4
   229 | D:1      | Learned a level 2 spell: Passwall
   269 | D:1      | Reached skill level 5 in Earth Magic
   712 | D:2      | Found a sparkling altar of Nemelex Xobeh.
   730 | D:2      | Reached XP level 3. HP: 25/28 MP: 1/5
   731 | D:2      | Noticed Robin
   783 | D:2      | Killed Robin
   783 | D:2      | Reached skill level 6 in Earth Magic
   977 | D:2      | Found a shimmering altar of Xom.
  1139 | D:2      | Reached XP level 4. HP: 28/36 MP: 4/6
  1315 | D:2      | Reached skill level 7 in Earth Magic
  1479 | D:3      | Reached XP level 5. HP: 42/42 MP: 1/7
  1702 | D:3      | Reached skill level 8 in Earth Magic
  1791 | D:4      | Noticed Blork the orc
  1822 | D:4      | Killed Blork the orc
  1822 | D:4      | Reached skill level 9 in Earth Magic
  1822 | D:4      | Reached XP level 6. HP: 22/49 MP: 0/8
  2053 | D:4      | HP: 12/49 [worker ant (3)]
  2062 | D:4      | HP: 9/49 [worker ant (2)]
  2127 | D:4      | Reached skill level 10 in Earth Magic
  2196 | D:5      | Entered Level 5 of the Dungeon
  2196 | D:5      | Noticed Menkaure
  2200 | D:5      | Killed Menkaure
  2200 | D:5      | Reached XP level 7. HP: 29/55 MP: 4/9
  2207 | D:5      | Reached skill level 11 in Earth Magic
  2229 | D:5      | Found a runed translucent gate.
  2231 | D:5      | Found a runed translucent gate.
  2232 | D:5      | Found a runed translucent gate.
  2234 | D:5      | Noticed kae's ghost (novice DrTm)
  2348 | D:5      | Noticed Eustachio
  2354 | D:5      | Noticed Pikel
  2354 | D:5      | Noticed Prince Ribbit
  2377 | D:5      | Killed Pikel
  2377 | D:5      | Reached skill level 13 in Earth Magic
  2377 | D:5      | Reached XP level 8. HP: 31/62 MP: 0/10
  2382 | D:5      | HP: 8/62 [Prince Ribbit (12)]
  2404 | D:5      | Killed Eustachio
  2406 | D:5      | HP: 15/62 [Prince Ribbit (10)]
  2422 | D:5      | Killed Prince Ribbit
  2422 | D:5      | Reached skill level 14 in Earth Magic
  2427 | D:5      | Found a white marble altar of Elyvilon.
  2429 | D:5      | Found a hide-covered altar of Uskayaw.
  2528 | D:5      | Found a sand-covered staircase.
  2534 | Ossuary  | Entered an ossuary
  2543 | Ossuary  | HP: 5/62 [mummy (15)]
  2560 | Ossuary  | HP: 15/62 [centaur zombie (2)]
  2564 | Ossuary  | HP: 7/62 [mummy (13)]
  2569 | Ossuary  | HP: 9/62 [mummy (7)]
  2578 | Ossuary  | HP: 11/62 [centaur zombie (4)]
  2585 | Ossuary  | HP: 13/62 [mummy (10)]
  2592 | Ossuary  | HP: 11/62 [big kobold zombie (2)]
  2641 | Ossuary  | HP: 13/62 [centaur zombie (6)]
  2659 | Ossuary  | Gained mutation: You passively map the area around you.
                  | [Deep Dwarf growth]
  2659 | Ossuary  | Reached XP level 9. HP: 47/68 MP: 7/7
  2662 | Ossuary  | Quit the game

Illustrated notes

Levels and vault maps discovered:
D:1:      dpeg_arrival_rhombus, layout_basic
D:2:      layout_loops_ring, overflow_temple_1_default,
          nemelex_spade_bored_becter, uniq_robin
D:3:      layout_rooms, uniq_natasha
D:4:      layout_cave_pools, hangedman_decor_growths, bh_walls_and_bars,
          uniq_blork_the_orc
D:5:      layout_basic, chequers_temple_overflow_statue_of_worship,
          ebering_ghost_rock_garden, nicolae_ossuary_entry_giza, uniq_pikel,
          uniq_prince_ribbit1, uniq_menkaure, uniq_eustachio
Ossuary:  ossuary_the_hunt_dpeg

Skill      XL: |  1  2  3  4  5  6  7  8 |
---------------+-------------------------+-----
Earth Magic    | 5 6 7 9 10 13 14 | 14.9
Dodging        | |  2.1
Stealth        | |  2.4
Spellcasting   | |  1.7
Transmutations | |  0.8

Action                   |  1- 3 |  4- 6 |  7- 9 || total
-------------------------+-------+-------+-------++-------
Melee: Unarmed           |     2 |     8 |    15 ||    25
       Dagger            |    41 |    65 |    26 ||   132
       Short sword       |       |       |    74 ||    74
       Whip              |       |       |     6 ||     6
 Cast: Sandblast         |    51 |    88 |    46 ||   185
       Passwall          |     1 |       |       ||     1
 Abil: Heal Wounds       |     1 |     1 |    13 ||    15
  Use: Scroll            |       |     2 |     1 ||     3
       Potion            |       |     3 |     7 ||    10
 Stab: Sleeping          |     1 |     2 |     1 ||     4
Armor: Ring mail         |    11 |    26 |    97 ||   134
       Skin              |       |    10 |    13 ||    23
Dodge: Dodged            |    34 |    61 |   135 ||   230
Block: Other             |    19 |    26 |    72 ||   117
       Reflection        |     4 |       |       ||     4

Table legend: (Time is in decaauts)
 A = Elapsed time spent in this place.
 B = Non-inter-level travel time spent in this place.
 C = Inter-level travel time spent in this place.
 D = Time resting spent in this place.
 E = Time spent auto-exploring this place.
 F = Levels seen in this place.
 G = Mean time per level.
                   A        B        C        D        E       F      G
               +--------+--------+--------+--------+--------+-----+--------+
         Total |   2649 |   2562 |     87 |     15 |    479 |   6 |  441.5 |
       Dungeon |   2530 |   2443 |     87 |     15 |    479 |   5 |  506.0 |
       Ossuary |    118 |    118 |      0 |      0 |      0 |   1 |  118.0 |
               +--------+--------+--------+--------+--------+-----+--------+

Top non-repeatable levels by time:
     D:2: 698 daAuts
     D:1: 646 daAuts
     D:4: 432 daAuts
     D:3: 416 daAuts
     D:5: 336 daAuts
 Ossuary: 118 daAuts

Table legend:
 A = Kills in this place as a percentage of kills in entire the game.
 B = Kills by you in this place as a percentage of kills by you in the entire game.
 C = Kills by friends in this place as a percentage of kills by friends in the entire game.
 D = Other kills in this place as a percentage of other kills in the entire game.
 E = Experience gained in this place as a percentage of experience gained in the entire game.
 F = Experience gained in this place divided by the number of levels of this place that you have seen.
                   A       B       C       D       E      F
               +-------+-------+-------+-------+-------+----------------------
         Total | 100.0 | 100.0 |   N/A |   N/A | 100.0 | 471.2
       Dungeon |  88.8 |  88.8 |   N/A |   N/A |  87.7 | 495.6
       Ossuary |  11.2 |  11.2 |   N/A |   N/A |  12.3 | 349.0
               +-------+-------+-------+-------+-------+----------------------
